 Dungeon Sprint DCSS version 0.22.1-2-g9c5b331 (webtiles) character file.

154 diana the Ruffian (level 5, -9/55 HPs)
             Began as a Troll Monk on Dec 5, 2018.
             Was an Initiate of Ru.
             Mangled by a two-headed ogre
             ... wielding a cursed -3 giant club
              (23 damage)
             ... in the Dungeon (Sprint IX: "|||||||||||||||||||||||||||||").
             The game lasted 00:01:40 (105 turns).

diana the Ruffian (Troll Monk)                       Turns: 105, Time: 00:01:41

Health: -9/55      AC:  8    Str: 20    XL:     5   Next: 13%
Magic:  4/4        EV: 13    Int:  6    God:    Ru [......]
Gold:   0          SH:  0    Dex: 12    Spells: 4/4 levels left

rFire    . . .     SeeInvis .     - Unarmed
rCold    . . .     Gourm    +   (no shield)
rNeg     . . .     Faith    .   a - +0 robe
rPois    .         Spirit   .   (helmet restricted)
rElec    .         Reflect  .   m - +0 cloak
rCorr    .         Harm     .   (gloves unavailable)
MR       .....     NoTele   +   (boots unavailable)
Stlth    ++........             (no amulet)
HPRegen  0.58/turn              o - +2 ring of protection
MPRegen  0.09/turn              p - +2 ring of evasion

@: no status effects
A: large, unfitting armour, claws 3, fast metabolism 3, gourmand, regeneration
1, shaggy fur 1, tough skin 2
a: Renounce Religion


You were in the Dungeon.
You worshipped Ru.
Ru was noncommittal.
You were not hungry.

You visited 1 branch

Inventory:

Armour
 a - a +0 robe (worn)
 m - a +0 cloak (worn)
 n - a +2 ring mail
Jewellery
 o - a +2 ring of protection (left claw)
 p - a +2 ring of evasion (right claw)
Wands
 l - a wand of acid (10)
Scrolls
 h - 2 scrolls of blinking
 j - 3 scrolls of remove curse
 k - 2 scrolls of amnesia
Potions
 c - 5 potions of curing
 d - 3 potions of heal wounds
 e - a potion of haste
 f - 4 potions of magic
 g - a potion of berserk rage
 i - a potion of invisibility
Comestibles
 b - 2 rations


   Skills:
 + Level 4.5 Fighting
 + Level 3.6 Armour
 + Level 4.5 Dodging
 - Level 1.0 Stealth
 * Level 7.2 Unarmed Combat


You had 4 spell levels left.
You didn't know any spells.
Your spell library was empty.

Dungeon Overview and Level Annotations

Branches:
Dungeon (1/1)

Altars:
Cheibriados
Dithmenos
Elyvilon
Fedhas
Gozag
Hepliaklqana
Kikubaaqudgha
Makhleb
Nemelex Xobeh
Okawaru
Qazlal
Ru
Sif Muna
Trog
Uskayaw
Vehumet
Wu Jian
Xom
Yredelemnul
Zin
The Shining One
Beogh
Jiyva
Lugonu


Innate Abilities, Weirdness & Mutations

You are too large for most types of armour.
You have claws for hands.
Your metabolism is lightning-fast.
You like to eat raw meat.
Your natural rate of healing is unusually fast.
You are covered in fur. (AC +1)
You have very tough skin. (AC +2)


Message History

The worker ant twitches its antennae in your direction.
You closely miss the adder. The adder bites you but does no damage.
You claw the two-headed ogre! x2
The two-headed ogre is heavily wounded.
You scratch the two-headed ogre.
The two-headed ogre is heavily wounded.
The two-headed ogre misses you.
The two-headed ogre hits you with a giant club!
You barely miss the two-headed ogre.
The two-headed ogre is heavily wounded.
You claw the two-headed ogre!
The two-headed ogre is heavily wounded.
The two-headed ogre hits you with a giant club!
The two-headed ogre barely misses you.
You claw the two-headed ogre!
The two-headed ogre is almost dead.
The two-headed ogre hits you with a giant club!!
* * * LOW HITPOINT WARNING * * *
The two-headed ogre hits you with a giant club!!
You die... ▓▓▓▓▓▓▓▓▓▓▓▓▓▓▓▓▓▓▓▓▓▓▓▓ _______'..|).[..@OSSYah. ▓▓▓▓▓▓▓▓▓▓▓▓▓▓▓▓▓▓▓▓▓▓▓▓

You could see a two-headed ogre, a water moccasin, an ice beast, a hound, a worker ant and an adder.

Vanquished Creatures
  An ice beast (D)
  A hound (D)
  A worker ant (D)
  A dart slug (D)
  A leopard gecko (D)
  2 giant cockroaches (D)
  A hobgoblin (D)
  A goblin (D)
  A kobold (D)
10 creatures vanquished.

Notes
Turn   | Place    | Note
-------+----------+-------------------------------------------
     0 | D        | diana the Troll Monk began the quest for the Orb.
     0 | D        | Reached XP level 1. HP: 22/22 MP: 0/0
    12 | D        | Reached skill level 1 in Armour
    18 | D        | Noticed an ice beast
    18 | D        | Noticed a hound
    18 | D        | Noticed a worker ant
    21 | D        | Reached XP level 2. HP: 27/29 MP: 1/1
    27 | D        | Killed an ice beast
    27 | D        | Reached skill level 6 in Unarmed Combat
    27 | D        | Reached XP level 3. HP: 39/39 MP: 2/2
    27 | D        | Reached XP level 4. HP: 48/48 MP: 3/3
    34 | D        | Reached skill level 7 in Unarmed Combat
    34 | D        | Reached XP level 5. HP: 51/55 MP: 4/4
    42 | D        | Found a roughly hewn altar of Beogh.
    42 | D        | Found a snail-covered altar of Cheibriados.
    42 | D        | Found a shadowy altar of Dithmenos.
    42 | D        | Found a white marble altar of Elyvilon.
    42 | D        | Found a blossoming altar of Fedhas.
    42 | D        | Found an opulent altar of Gozag.
    43 | D        | Found a hazy altar of Hepliaklqana.
    44 | D        | Found a viscous altar of Jiyva.
    45 | D        | Found an ancient bone altar of Kikubaaqudgha.
    46 | D        | Found a corrupted altar of Lugonu.
    47 | D        | Found a burning altar of Makhleb.
    48 | D        | Found a sparkling altar of Nemelex Xobeh.
    49 | D        | Found an iron altar of Okawaru.
    50 | D        | Found a stormy altar of Qazlal.
    51 | D        | Found a sacrificial altar of Ru.
    52 | D        | Found a deep blue altar of Sif Muna.
    53 | D        | Found a bloodstained altar of Trog.
    54 | D        | Found a hide-covered altar of Uskayaw.
    55 | D        | Found a radiant altar of Vehumet.
    56 | D        | Found an ornate altar of the Wu Jian Council.
    57 | D        | Found a shimmering altar of Xom.
    58 | D        | Found a basalt altar of Yredelemnul.
    59 | D        | Found a glowing silver altar of Zin.
    60 | D        | Found a glowing golden altar of the Shining One.
    63 | D        | Became a worshipper of Ru the Awakened
    99 | D        | Noticed a two-headed ogre
    99 | D        | Noticed a water moccasin
    99 | D        | Noticed an ice beast
   105 | D        | Mangled by a two-headed ogre

Skill      XL: |  1  2  3  4 |
---------------+-------------+-----
Armour         | 1 3 |  3.6
Fighting       | 4 |  4.5
Dodging        | 4 |  4.5
Unarmed Combat | 6 7 |  7.2
Stealth        | |  1.0

Action                   |  1- 3 |  4- 6 || total
-------------------------+-------+-------++-------
Melee: Unarmed           |    17 |    14 ||    31
       Punch             |       |     1 ||     1
Invok: Reject Sacrifices |       |     1 ||     1
Armor: Robe              |     4 |     3 ||     7
Dodge: Dodged            |     4 |     5 ||     9
